 Dungeon Crawl Stone Soup version 0.17.1-2-g5865329 (webtiles) character file.

1435 MirrMurr the Covert (level 8, -9/36 HPs)
             Began as a Spriggan Enchanter on Jan 18, 2016.
             Was an Initiate of Ashenzari.
             Mangled by an orc warrior
             ... wielding a cursed -2 halberd
              (24 damage)
             ... on level 7 of the Dungeon.
             The game lasted 00:14:26 (6503 turns).

MirrMurr the Covert (Spriggan Enchanter)            Turns: 6503, Time: 00:14:26

Health: -9/36      AC:  9    Str:  4    XL:     8   Next: 45%
Magic:  15/19      EV: 18    Int: 18    God:    Ashenzari [......]
Gold:   362        SH:  0    Dex: 17    Spells: 4 memorised, 12 levels left

rFire  . . .     SeeInvis +     n - +1 dagger (protect) (curse)
rCold  . . .     Clarity  .     j - +2 robe
rNeg   . . .     SustAt   .     (shield restricted)
rPois  .         Gourm    .     (helmet restricted)
rElec  +         Spirit   .     (no cloak)
rCorr  .         Warding  .     (gloves unavailable)
rMut   .         Stasis   .     (boots unavailable)
MR     +....                    (no amulet)
Stlth  ++++++....               (no ring)
                                C - ring of wizardry (curse)

@: very slightly contaminated, very quick, somewhat resistant to hostile
enchantments, very stealthy
A: unfitting armour, see invisible, herbivore 3, speed 3, electricity
resistance, slow metabolism 2
a: Renounce Religion


You were on level 7 of the Dungeon.
You worshipped Ashenzari.
Ashenzari was noncommittal.
You were not hungry.

You visited 2 branches of the dungeon, and saw 8 of its levels.

You collected 362 gold pieces.

Inventory:

Hand Weapons
 a - a +2 dagger of venom
 b - a +1 dagger
 n - a cursed +1 dagger of protection (weapon)
Missiles
 e - 93 stones (quivered)
 h - 3 needles of paralysis
 v - 11 poisoned needles
 w - 9 curare-tipped needles
Armour
 j - a +2 robe (worn)
Jewellery
 C - a cursed ring of wizardry (left hand)
Wands
 t - a wand of lightning (10)
 y - a wand of paralysis (11)
Scrolls
 k - 4 scrolls of identify
 l - 3 scrolls of curse jewellery
 m - a scroll of magic mapping
 o - 3 scrolls of teleportation
 p - a scroll of curse weapon
 q - 3 scrolls of amnesia
 r - a scroll of remove curse
 s - 2 scrolls of enchant armour
Potions
 f - 4 potions of curing
 g - 3 potions of heal wounds
 i - 2 potions of cure mutation
 x - a potion of berserk rage
 B - a potion of brilliance
Books
 c - a book of Maledictions

   Spells                             Type                      Level
   a - Corona                         Hexes                        1
   b - Ensorcelled Hibernation        Hexes/Ice                    2
   c - Confuse                        Hexes                        3
   d - Tukima's Dance                 Hexes                        3
   e - Dazzling Spray                 Conjuration/Hexes            3
 u - a book of Flames

   Spells                             Type                      Level
   a - Flame Tongue                   Conjuration/Fire             1
   b - Throw Flame                    Conjuration/Fire             2
   c - Conjure Flame                  Conjuration/Fire             3
   d - Inner Flame                    Hexes/Fire                   3
   e - Sticky Flame                   Conjuration/Fire             4
   f - Fireball                       Conjuration/Fire             5
Comestibles
 d - 3 bread rations
 A - a slice of pizza


   Skills:
 - Level 1.1 Short Blades
 - Level 3.0 Dodging
 - Level 13.5 Stealth
 + Level 7.3 Spellcasting
 * Level 4.0 Hexes


You had 12 spell levels left.
You knew the following spells:

 Your Spells              Type           Power        Failure   Level  Hunger
a - Ensorcelled Hibernat  Hex/Ice        ##....       4%          2    None
b - Confuse               Hex            ###.....     4%          3    #......
c - Corona                Hex            ###....      1%          1    None
d - Dazzling Spray        Conj/Hex       ##......     7%          3    #......


Dungeon Overview and Level Annotations

Branches:
Dungeon (7/15)             Temple (1/1) D:5

Altars:
Ashenzari
Cheibriados
Dithmenos
Elyvilon
Fedhas
Gozag
Kikubaaqudgha
Makhleb
Nemelex Xobeh
Okawaru
Qazlal
Ru
Sif Muna
Vehumet
Xom
Yredelemnul
Zin
The Shining One


Innate Abilities, Weirdness & Mutations

You are tiny and cannot use many weapons and most armour.
You have supernaturally acute eyesight.
You are a herbivore.
You cover ground extremely quickly.
You need consume almost no food.
You are resistant to electric shocks.


Message History

The orc barely misses you.
You closely miss the orc. The orc misses you. The orc completely misses you.
You hit the orc.
The orc is heavily wounded.
The orc hits you but does no damage.
You hit the orc but do no damage.
The orc is heavily wounded.
The orc closely misses you.
You hit the orc.
The orc is severely wounded.
The orc misses you. The orc hits you with a hand axe.
You hit the orc.
You kill the orc!
The orc warrior barely misses you. The orc hits you with a mace!
You hit the orc.
The orc is heavily wounded.
The orc misses you.
The orc warrior hits you from afar with a halberd!!
Ouch! That really hurt!
You die...

###.........#.###.#
#...o.#.#.#.# #.#
#.#o#.#.#.###.#
#..)o.........#
#..o....#.#####
##...##.#.#
##.###o#.## #.#
#)o..# #.###^@#.###
#.##...#...# ####
#.##.#####.# ...
#.##...#...#
#.#####.#....#..##
#..)<..........##
#######.#.#.####
#.#.#.# ####.#.#.#


You could see an orc warrior and an orc.

Vanquished Creatures
  The ghost of matthes123 the Fighter, an amateur TeBe of Trog (D:4)
  An orc warrior (D:6)
  An ice beast (D:5)
  3 ogres
  2 giant frogs (D:6)
  A scorpion (D:4)
  A crimson imp (D:6)
  2 jellies (D:5)
  An orc priest (D:7)
  6 worker ants
  A giant frog skeleton (D:4)
  A hound (D:5)
  2 orc wizards
  3 gnolls (D:3)
  7 adders
  3 shadow imps
  2 adder skeletons
  A worm (D:6)
  3 giant geckos
  19 orcs
  3 ball pythons
  9 bats
  3 giant cockroaches
  7 hobgoblins
  6 kobolds
  4 quokkas
  A giant gecko skeleton (D:7)
  3 giant newts
  4 goblins
  20 jackals
  8 rats
129 creatures vanquished.

Vanquished Creatures (others)
  A plant (D:6)
1 creature vanquished.

Grand Total: 130 creatures vanquished

Notes
Turn   | Place    | Note
--------------------------------------------------------------
     0 | D:1      | MirrMurr the Spriggan Enchanter began the quest for the Orb.
     0 | D:1      | Reached XP level 1. HP: 9/9 MP: 5/5
    73 | D:1      | Reached skill level 5 in Stealth
   129 | D:1      | Reached XP level 2. HP: 13/13 MP: 6/6
   133 | D:1      | Learned a level 2 spell: Ensorcelled Hibernation
   696 | D:1      | Reached skill level 6 in Stealth
   968 | D:2      | Reached XP level 3. HP: 16/16 MP: 8/8
   973 | D:2      | Learned a level 3 spell: Confuse
  1208 | D:2      | Found a glowing golden altar of the Shining One.
  1208 | D:2      | Found a stormy altar of Qazlal.
  1621 | D:2      | Found an opulent altar of Gozag.
  1807 | D:3      | Reached skill level 7 in Stealth
  2391 | D:3      | Reached XP level 4. HP: 21/21 MP: 9/9
  2584 | D:3      | Reached skill level 8 in Stealth
  2587 | D:3      | Reached XP level 5. HP: 11/24 MP: 8/11
  3137 | D:4      | You fall through a shaft for 3 floors!
  3138 | D:7      | Reached skill level 9 in Stealth
  3157 | D:7      | Found a shimmering altar of Xom.
  3286 | D:7      | Reached XP level 6. HP: 25/28 MP: 10/13
  3347 | D:7      | Noticed an ogre
  3362 | D:7      | Killed an ogre
  3371 | D:6      | Learned a level 3 spell: Dazzling Spray
  3379 | D:6      | Reached skill level 10 in Stealth
  3490 | D:5      | Entered Level 5 of the Dungeon
  3497 | D:5      | Reached skill level 5 in Spellcasting
  3712 | D:4      | Reached XP level 7. HP: 22/32 MP: 8/15
  4237 | D:4      | Found a burning altar of Makhleb.
  4238 | D:4      | Found a glowing silver altar of Zin.
  4238 | D:4      | Noticed an angel
  4239 | D:4      | Noticed a blizzard demon
  4243 | D:4      | Noticed matthes123's ghost (amateur TeBe)
  4261 | D:4      | Killed matthes123's ghost
  4261 | D:4      | Reached skill level 11 in Stealth
  4698 | D:4      | Reached skill level 12 in Stealth
  5192 | D:5      | Reached XP level 8. HP: 33/36 MP: 6/18
  5461 | D:5      | Found a staircase to the Ecumenical Temple.
  5467 | Temple   | Entered the Ecumenical Temple
  5579 | Temple   | Became a worshipper of Ashenzari the Shackled
  5585 | Temple   | Gained mutation: You are resistant to electric shocks. [potion of mutation]
  5585 | Temple   | Gained mutation: Your flesh is cold resistant. [potion of mutation]
  5585 | Temple   | Lost mutation: Your flesh is cold resistant. [potion of mutation]
  5848 | D:5      | Reached skill level 13 in Stealth
  6150 | D:6      | Found a shattered altar of Ashenzari.
  6154 | D:6      | Saw a vision of the Swamp and the Spider Nest.
  6154 | D:6      | Noticed an alligator
  6154 | D:6      | Noticed a water moccasin
  6154 | D:6      | Noticed a redback
  6154 | D:6      | Noticed an alligator
  6154 | D:6      | Noticed a water moccasin
  6154 | D:6      | Noticed a water moccasin
  6156 | D:6      | Noticed a redback
  6160 | D:6      | Noticed a redback
  6478 | D:7      | Noticed an orc warrior
  6503 | D:7      | Mangled by an orc warrior

Action                   |  1- 3 |  4- 6 |  7- 9 || total
-------------------------+-------+-------+-------++-------
Melee: Dagger            |   129 |    69 |   169 ||   367
 Cast: Ensorcelled Hiber |       |     8 |     7 ||    15
       Confuse           |       |       |     7 ||     7
       Dazzling Spray    |       |       |     9 ||     9
  Use: Scroll            |     9 |     3 |     3 ||    15
       Potion            |       |     3 |     8 ||    11
 Stab: Sleeping          |    20 |    21 |    13 ||    54
       Invisible         |       |       |     7 ||     7
       Confused          |       |       |     4 ||     4
       Distracted        |       |       |     1 ||     1
  Eat: Bread ration      |       |     1 |       ||     1
